 Dungeon Crawl Stone Soup version 0.24-a0-132-ge4b1dce (webtiles) character file.

Game seed: 0

14730 nikopol the Thaumaturge (level 11, 0/55 HPs)
             Began as a Deep Elf Fire Elementalist on Feb 26, 2019.
             Was an Elder of Vehumet.
             Slain by a black mamba (8 damage)
             ... on level 1 of the Lair of Beasts on Feb 27, 2019.
             The game lasted 00:41:08 (10209 turns).

nikopol the Thaumaturge (DEFE)                     Turns: 10209, Time: 00:41:09

Health: 0/55       AC: 14    Str:  5    XL:     11   Next: 92%
Magic:  17/30      EV: 14    Int: 24    God:    Vehumet [****..]
Gold:   534        SH:  0    Dex: 15    Spells: 18/36 levels left

rFire    . . .     SeeInvis .   y - staff of wizardry
rCold    . . .     Gourm    .   (no shield)
rNeg     . . .     Faith    .   v - +1 ring mail {rPois}
rPois    +         Spirit   .   e - +0 helmet
rElec    .         Reflect  .   z - +0 cloak
rCorr    .         Harm     .   b - +1 pair of gloves
MR       +....                  h - +1 pair of boots
Stlth    ++........             f - amulet of magic regeneration
HPRegen  0.18/turn              E - +3 ring of evasion
MPRegen  0.47/turn              (no ring)

@: no status effects
A: no striking features
a: Renounce Religion


You were on level 1 of the Lair of Beasts.
You worshipped Vehumet.
Vehumet was greatly pleased with you.
You were not hungry.

You visited 2 branches of the dungeon, and saw 11 of its levels.

You collected 534 gold pieces.

Inventory:

Armour
 b - a +1 pair of gloves (worn)
 e - a +0 helmet (worn)
 h - a +1 pair of boots (worn)
 v - a +1 ring mail of poison resistance (worn)
 z - a +0 cloak (worn)
Magical Staves
 y - an uncursed staff of wizardry (weapon)
Jewellery
 f - an amulet of magic regeneration (around neck)
 E - a +3 ring of evasion (left hand)
Wands
 o - a wand of random effects (28)
 r - a wand of iceblast (14)
 w - a wand of enslavement (7)
 H - a wand of scattershot (3)
 I - a wand of polymorph (9)
Scrolls
 d - 2 scrolls of fear
 g - 4 scrolls of remove curse
 l - 5 scrolls of enchant weapon
 m - 6 scrolls of identify
 p - 5 scrolls of enchant armour
 u - 2 scrolls of amnesia
 x - 6 scrolls of teleportation
 B - a scroll of noise
 C - 3 scrolls of blinking
Potions
 i - 2 potions of flight {unknown}
 j - a potion of mutation {unknown}
 k - 2 potions of degeneration {unknown}
 n - 4 potions of curing
 q - a potion of cancellation {unknown}
 s - a potion of might {unknown}
 t - a potion of haste {unknown}
 A - a potion of invisibility {unknown}
 D - 3 potions of agility {unknown}
 F - 2 potions of heal wounds {unknown}
 G - a potion of lignification {unknown}
Comestibles
 a - 5 chunks of flesh
 c - 20 rations


   Skills:
 + Level 0.8 Fighting
 * Level 6.4 Armour
 + Level 4.2 Dodging
 + Level 3.9 Stealth
 + Level 13.1 Spellcasting
 + Level 11.1 Conjurations
 + Level 11.1 Fire Magic


You had 18 spell levels left.
You knew the following spells:

 Your Spells              Type           Power        Failure   Level  Hunger
a - Flame Tongue          Conj/Fire      #####        1%          1    None
b - Throw Flame           Conj/Fire      ######       1%          2    None
c - Conjure Flame         Conj/Fire      ######..     1%          3    None
d - Sticky Flame          Conj/Fire      ######..     1%          4    None
e - Fireball              Conj/Fire      ######....   1%          5    ###....
f - Magic Dart            Conj           ####         1%          1    None
g - Blink                 Tloc           N/A          9%          2    None

Your spell library contained the following spells:

 Spells                   Type           Power        Failure   Level  Hunger
 Fulminant Prism          Conj/Hex       #####.....   1%          4    None
 Freeze                   Ice            ###.         1%          1    None
 Throw Frost              Conj/Ice       #####.       1%          2    None
 Dazzling Spray           Conj/Hex       #####.       1%          3    None
 Inner Flame              Hex/Fire       #####...     1%          3    None
 Mephitic Cloud           Conj/Pois/Air  ####....     1%          3    None
 Throw Icicle             Conj/Ice       #####...     1%          4    None
 Confusing Touch          Hex            ###...       6%          1    None
 Corona                   Hex            ###....      6%          1    None
 Call Imp                 Summ           ###.....     9%          2    None
 Ensorcelled Hibernation  Hex/Ice        ###...       9%          2    None
 Slow                     Hex            ###.....     9%          2    None
 Confuse                  Hex            ###.....     17%         3    None
 Gell's Gravitas          Tloc           ###.......   17%         3    None
 Ozocubu's Armour         Chrm/Ice       ###.....     17%         3    None
 Tukima's Dance           Hex            ###.....     17%         3    None
 Yara's Violent Unravell  Hex/Tmut       ###.......   36%         5    ###....
 Petrify                  Tmut/Erth      ###.....     47%         4    None
 Summon Ice Beast         Ice/Summ       ###.....     47%         4    None
 Metabolic Englaciation   Hex/Ice        ###.......   82%         5    ###....


Dungeon Overview and Level Annotations

Branches:
Dungeon (10/15)            Temple (0/1) D:6            Lair (1/6) D:10
    Orc (0/2) D:10

Altars:
Ashenzari
Cheibriados
Elyvilon
Fedhas
Gozag
Makhleb
Okawaru
Qazlal
Vehumet
Yredelemnul
Zin
The Shining One
Beogh

Shops:
D:7 %

Annotations:
D:9 2 transporters, nono's ghost, journeyman VSHu


Message History

The flame tongue hits the black mamba.
The black mamba is moderately wounded.
The black mamba bites you.
Casting: Flame Tongue (safe; 1% risk of failure)
Confirm with . or Enter, or press ? or * to list all spells.
Aiming: Sticky Flame (safe; 1% risk of failure)
Press: ? - help, Shift-Dir - straight line, f/p - black mamba
Aim: a black mamba (moderately wounded)
The sticky flame hits the black mamba!
The black mamba is heavily wounded.
The black mamba is covered in liquid flames!
The black mamba burns!
The black mamba bites you!
The black mamba bites you but does no damage.
The black mamba burns!
The black mamba burns!
The black mamba bites you!
The black mamba burns!
The black mamba bites you!
* * * LOW HITPOINT WARNING * * *
You see here a water moccasin corpse.
The black mamba burns!
The black mamba bites you!
You die...

###
####.##
##†..#.#
##.###@##
#.## ##S#
#.## #..#
#..# ##.##
##.###.#.#
#†##.†###
#†####†#
##.# †.#
#.÷# †##


You could see a black mamba (burning).

Vanquished Creatures
  A hydra (D:10)
  5 two-headed ogres
  An unseen horror (D:10)
  A black mamba (Lair:1)
  Joseph (D:8)
  A spiny frog (D:10)
  A komodo dragon (D:10)
  A troll (D:5)
  Grinder (D:4)
  3 hippogriffs
  2 dream sheep (D:10)
  A wraith (D:10)
  2 wyverns (D:10)
  8 yaks
  2 hungry ghosts
  A basilisk (Lair:1)
  10 water moccasins (Lair:1)
  A porcupine (Lair:1)
  7 orc warriors
  2 ice beasts (D:6)
  A phantom (D:6)
  4 ogres
  5 wolves (Lair:1)
  3 centaurs
  4 crocodiles
  5 big kobolds
  7 bullfrogs
  5 wights (D:8)
  4 crimson imps
  A bullfrog zombie (D:7)
  2 centaur zombies (D:7)
  A centaur skeleton (D:10)
  5 hounds
  A jelly (D:8)
  Crazy Yiuf (D:5)
  A bullfrog skeleton (D:5)
  10 orc priests
  10 orc wizards
  4 iguanas
  8 worker ants
  A hound zombie (D:5)
  A hound skeleton (D:7)
  2 worker ant zombies
  A howler monkey skeleton (D:6)
  12 adders
  A shadow imp (D:9)
  An ooze (D:6)
  2 adder skeletons (D:9)
  2 worms
  3 dart slugs (D:1)
  8 leopard geckos
  58 orcs
  2 ball pythons
  2 giant cockroaches
  4 goblins
  7 hobgoblins
  6 jackals
  2 quokkas
  8 bats
  8 frilled lizards
  12 kobolds
  2 rats
  2 plants (D:10)
281 creatures vanquished.

Vanquished Creatures (others)
  10 plants (D:10)
10 creatures vanquished.

Grand Total: 291 creatures vanquished

Notes
Turn   | Place    | Note
-------+----------+-------------------------------------------
     0 | D:1      | nikopol the Deep Elf Fire Elementalist began the quest for
                  | the Orb.
     0 | D:1      | Reached XP level 1. HP: 10/10 MP: 6/6
   220 | D:1      | Reached XP level 2. HP: 15/15 MP: 5/8
   948 | D:2      | Found a shattered altar of Ashenzari.
  1045 | D:2      | Reached XP level 3. HP: 19/19 MP: 7/9
  1275 | D:2      | Learned a level 2 spell: Throw Flame
  1279 | D:2      | Learned a level 3 spell: Conjure Flame
  1388 | D:2      | Found a glowing silver altar of Zin.
  1482 | D:2      | Reached XP level 4. HP: 24/24 MP: 8/11
  1488 | D:2      | Learned a level 4 spell: Sticky Flame
  1607 | D:2      | Reached skill level 4 in Spellcasting
  1696 | D:2      | Reached XP level 5. HP: 19/28 MP: 4/13
  1946 | D:3      | Found a faded altar of an unknown god.
  2336 | D:3      | Found a stormy altar of Qazlal.
  2483 | D:4      | Reached skill level 5 in Fire Magic
  2722 | D:4      | Noticed Grinder
  2730 | D:4      | Killed Grinder
  2730 | D:4      | Reached skill level 5 in Spellcasting
  2730 | D:4      | Reached XP level 6. HP: 32/32 MP: 8/16
  2737 | D:4      | Learned a level 5 spell: Fireball
  2824 | D:4      | Found a basalt altar of Yredelemnul.
  2854 | D:5      | Entered Level 5 of the Dungeon
  3068 | D:5      | Reached XP level 7. HP: 24/36 MP: 14/17
  3282 | D:5      | Noticed a troll
  3697 | D:5      | Reached skill level 6 in Spellcasting
  3862 | D:5      | Killed a troll
  3862 | D:5      | Reached skill level 7 in Spellcasting
  3862 | D:5      | Reached skill level 5 in Conjurations
  3862 | D:5      | Reached XP level 8. HP: 41/41 MP: 2/20
  4018 | D:5      | Found a burning altar of Makhleb.
  4019 | D:5      | Found a radiant altar of Vehumet.
  4024 | D:5      | Became a worshipper of Vehumet
  4108 | D:5      | Learned a level 1 spell: Magic Dart
  4111 | D:5      | Learned a level 2 spell: Blink
  4386 | D:5      | Found a runed translucent door.
  4387 | D:5      | Noticed Crazy Yiuf
  4394 | D:5      | Killed Crazy Yiuf
  4501 | D:6      | Reached skill level 1 in Armour
  4591 | D:6      | Found an iron altar of Okawaru.
  4704 | D:6      | Reached * piety under Vehumet
  4704 | D:6      | Offered knowledge of Sandblast by Vehumet.
  4704 | D:6      | Reached skill level 8 in Spellcasting
  4842 | D:6      | Found a staircase to the Ecumenical Temple.
  4907 | D:6      | Reached XP level 9. HP: 37/45 MP: 20/23
  5289 | D:7      | Found Senkien's Food Emporium.
  5321 | D:7      | Reached skill level 9 in Spellcasting
  5726 | D:7      | Found a snail-covered altar of Cheibriados.
  5726 | D:7      | Found a glowing golden altar of the Shining One.
  6092 | D:8      | Noticed a two-headed ogre
  6144 | D:8      | Found an iron altar of Okawaru.
  6146 | D:8      | Found a blossoming altar of Fedhas.
  6146 | D:8      | Noticed Joseph
  6156 | D:8      | Killed Joseph
  6286 | D:8      | Killed a two-headed ogre
  6286 | D:8      | Offered knowledge of Shock by Vehumet.
  6286 | D:8      | Reached skill level 10 in Spellcasting
  6377 | D:8      | Reached ** piety under Vehumet
  6410 | D:8      | Upgraded the game from 0.24-a0-130-ga3c21ff to
                  | 0.24-a0-132-ge4b1dce
  6432 | D:8      | Found an opulent altar of Gozag.
  6446 | D:8      | Reached XP level 10. HP: 49/50 MP: 18/26
  7105 | D:9      | Found a white marble altar of Elyvilon.
  7311 | D:9      | Noticed nono's ghost (journeyman VSHu)
  7312 | D:9      | Found a transporter.
  7313 | D:9      | Found a transporter.
  7409 | D:9      | Offered knowledge of Stone Arrow by Vehumet.
  7847 | D:10     | Entered Level 10 of the Dungeon
  7956 | D:10     | Reached *** piety under Vehumet
  7968 | D:10     | Reached skill level 11 in Spellcasting
  8001 | D:10     | Noticed a three-headed hydra
  8011 | D:10     | Killed a three-headed hydra
  8012 | D:10     | Reached skill level 5 in Armour
  8134 | D:10     | Noticed a two-headed ogre
  8137 | D:10     | Killed a two-headed ogre
  8137 | D:10     | Reached skill level 10 in Fire Magic
  8221 | D:10     | Found a staircase to the Lair.
  8245 | D:10     | Noticed a two-headed ogre
  8246 | D:10     | Noticed a two-headed ogre
  8248 | D:10     | Reached XP level 11. HP: 47/55 MP: 14/28
  8259 | D:10     | Offered knowledge of Airstrike by Vehumet.
  8297 | D:10     | Noticed a two-headed ogre
  8754 | D:10     | Killed a two-headed ogre
  8754 | D:10     | Reached skill level 12 in Spellcasting
  8824 | D:10     | Found a staircase to the Orcish Mines.
  8845 | D:10     | Killed a two-headed ogre
  8845 | D:10     | Reached skill level 10 in Conjurations
  8861 | D:10     | Killed a two-headed ogre
  8921 | D:10     | Noticed an unseen horror
  8922 | D:10     | Killed an unseen horror
  9053 | D:10     | Found a roughly hewn altar of Beogh.
  9214 | Lair:1   | Entered Level 1 of the Lair of Beasts
  9571 | Lair:1   | Reached **** piety under Vehumet
  9948 | Lair:1   | Offered knowledge of Fulminant Prism by Vehumet.
  9951 | Lair:1   | Reached skill level 13 in Spellcasting
 10209 | Lair:1   | Slain by a black mamba

Levels and vault maps discovered:
D:1:      eino_arrival_water_star, layout_loops_corners
D:2:      layout_rooms, zin_scriptorium, ashenzari_altar_1, columned_hall_lemuel
D:3:      layout_basic, lemuel_doored_altar, chequers_ecumenical_altar_simple,
          first_ration
D:4:      layout_rooms, kennysheep_mini_moat, uniq_grinder
D:5:      cheibrodos_thug_alley, layout_cave_pools,
          grunt_temple_overflow_lords_of_destruction, uniq_crazy_yiuf_cottage
D:6:      layout_basic, minmay_temple_entry_glass, kennysheep_okawaru_gauntlet
D:7:      layout_basic, kiku_gazebo_garden_becter,
          gammafunk_temple_overflow_wave, serial_shops, shop
D:8:      layout_basic, grunt_gozag_breadcrumbs, grunt_temple_overflow_open,
          minmay_misc_feat_cross, uniq_joseph
D:9:      layout_cave_pods, elyvilon_altar_5, gammafunk_ghost_hive
D:10:     layout_rooms, david_lair_shrubbed, minmay_orc_entry_temple_small,
          hangedman_ranch [blue_anna_fruit_fields]
Lair:1:   minmay_guarded_unrand_snakebite, layout_cave_pods, enter_volcano_4

Skill      XL: |  1  2  3  4  5  6  7  8  9 10 11 |
---------------+----------------------------------+-----
Dodging        | 3 4 |  4.2
Fire Magic     | 4 5 6 7 8 10 11 | 11.1
Conjurations   | 2 3 4 5 6 8 9 11 | 11.1
Spellcasting   | 4 5 7 8 10 11 13 | 13.1
Stealth        | 3 |  3.9
Armour         | 2 3 5 6 |  6.4
Fighting       | |  0.8

Action                   |  1- 3 |  4- 6 |  7- 9 | 10-12 || total
-------------------------+-------+-------+-------+-------++-------
 Cast: Flame Tongue      |    66 |    73 |   161 |   157 ||   457
       Throw Flame       |     1 |     2 |    14 |    25 ||    42
       Conjure Flame     |       |     1 |     7 |     3 ||    11
       Sticky Flame      |       |     3 |    25 |    46 ||    74
       Fireball          |       |     1 |    17 |    53 ||    71
       Magic Dart        |       |       |    28 |    12 ||    40
  Use: Scroll            |       |     8 |     1 |     5 ||    14
  Eat: Chunk             |     2 |     3 |    16 |    10 ||    31
       Ration            |       |     1 |       |     2 ||     3
Armor: Robe              |    14 |     4 |    16 |       ||    34
       Ring mail         |       |       |    15 |    47 ||    62
Dodge: Dodged            |    31 |    10 |    37 |    39 ||   117

Table legend:
 A = Non-vault XP
 B = Vault XP
 C = Vault XP percentage of total XP
 D = Non-vault monster count
 E = Vault monster count
 F = Vault count percentage of total count
                 A         B        C        D         E       F
            +---------+---------+-------+---------+---------+-------
      Total |   15799 |    5245 |  24.9 |     237 |      42 |  15.1
            +---------+---------+-------+---------+---------+-------
        D:1 |      31 |       0 |   0.0 |      18 |       0 |   0.0
        D:2 |     188 |       0 |   0.0 |      23 |       0 |   0.0
        D:3 |      76 |       0 |   0.0 |      22 |       0 |   0.0
        D:4 |      88 |     281 |  76.2 |       6 |       1 |  14.3
        D:5 |     736 |     244 |  24.9 |      24 |      10 |  29.4
        D:6 |    1420 |       3 |   0.2 |      29 |       2 |   6.5
        D:7 |     654 |       0 |   0.0 |      21 |       0 |   0.0
        D:8 |    2203 |     430 |  16.3 |      25 |       1 |   3.8
        D:9 |     554 |       0 |   0.0 |      17 |       0 |   0.0
       D:10 |    6172 |    2932 |  32.2 |      27 |      20 |  42.6
     Lair:1 |    3677 |    1355 |  26.9 |      25 |       8 |  24.2
            +---------+---------+-------+---------+---------+-------
